 Dungeon Crawl Stone Soup version 0.31.0-9-g3a7656b989 (webtiles) character file.

Game seed: 567633608545825751

36 qw the Shooter (level 3, 0/18 HPs)
             Began as a Spriggan Hunter on Feb 2, 2024.
             Slain by Robin
             ... wielding a +4 short sword of speed
              (4 damage)
             ... on level 2 of the Dungeon.
             The game lasted 00:00:02 (1004 turns).

qw the Shooter (Spriggan Hunter)                    Turns: 1004, Time: 00:00:03

Health: 0/18       AC:  2    Str:  7    XL:     3   Next: 19%
Magic:  4/4        EV: 19    Int: 10    God:
Gold:   27         SH:  0    Dex: 20    Spells: 2/2 levels left

rFire   . . .        a - +0 shortbow
rCold   . . .        (shield currently unavailable)
rNeg    . . .        c - +0 robe
rPois   .            (helmet restricted)
rElec   .            (no cloak)
rCorr   .            (gloves unavailable)
SInv    +            (boots unavailable)
Will    .....        g - amulet of the acrobat
Stlth   ++           (no ring)
HPRegen 0.23/turn    (no ring)
MPRegen 0.09/turn

%: acrobat
@: very quick
A: very small, no large weapons, unfitting armour, see invisible, speed 3
a: no special abilities


You were on level 2 of the Dungeon.
You visited 1 branch of the dungeon, and saw 2 of its levels.

You collected 27 gold pieces.


Innate Abilities, Weirdness & Mutations

You are very small and have problems with some larger weapons.
You are too small for most types of armour.
You have supernaturally acute eyesight. (SInv)
You cover ground extremely quickly. (Speed+++)


   Skills:
 - Level 1.5 Fighting
 + Level 4.5 Ranged Weapons
 - Level 4.0 Dodging
 - Level 1.5 Stealth


You had 2 spell levels left.
You didn't know any spells.
Your spell library was empty.

Inventory:

Hand Weapons
 a - a +0 shortbow (weapon)
Armour
 b - a +0 cloak
 c - a +0 robe (worn)
Jewellery
 f - a ring of fire
 g - an amulet of the acrobat (around neck)
Scrolls
 d - 2 scrolls of identify
Potions
 e - a potion of magic {unknown}

Dungeon Overview and Level Annotations

Branches:
Dungeon (2/15)

Altars:

Annotations:
D:2 Robin


Message History

The arrow hits the goblin!
You kill the goblin!
A hobgoblin comes into view.
You shoot an arrow. The hobgoblin shouts!
The arrow hits the goblin.
You kill the goblin!
You shoot an arrow. The arrow hits the goblin.
You kill the goblin!
Robin of the Strong Arm comes into view.
They are wielding a +4 short sword of speed.
You shoot an arrow.
The arrow hits the hobgoblin but does no damage.
You shoot an arrow. The arrow hits the hobgoblin.
The hobgoblin is severely wounded.
You shoot an arrow. The arrow hits the hobgoblin!
You kill the hobgoblin!
Robin roars a battlecry!
You shoot an arrow. The arrow closely misses Robin.
Robin throws the goblin at you! The goblin closely misses you.
You shoot an arrow. The arrow closely misses the goblin.
The goblin barely misses you.
You shoot an arrow. The arrow barely misses Robin.
Robin completely misses you. The goblin closely misses you.
You shoot an arrow.
The arrow hits Robin but does no damage.
Robin hits you with a +4 short sword of speed.
The goblin hits you with a +0 club.
Robin hits you with a +4 short sword of speed.
You shoot an arrow. The arrow closely misses Robin.
The goblin completely misses you.
Robin hits you with a +4 short sword of speed.
A ribbon worm comes into view.
Robin completely misses you.
You shoot an arrow. The arrow barely misses Robin.
The goblin barely misses you. Robin barely misses you. The goblin misses you.
You shoot an arrow.
The arrow hits Robin but does no damage.
Robin hits you with a +4 short sword of speed.
You die...
Robin says, "And that's why I'm the boss."

#...........[.###.#
#.##..........##.)#
#..#.#.######.##..#
#..#.#.# #.##%)#
#..#.#.# #.....#
#.#.# ####.## #.#
#.# #@# #g.g..#
)).###...# .w###
#.# ..) .# .. .


You could see a ribbon worm, Robin and a goblin (strong).

Vanquished Creatures
  5 endoplasms
  8 goblins
  6 hobgoblins
  2 quokkas
  2 ball pythons (D:1)
  3 bats
  3 frilled lizards (D:1)
  3 rats (D:1)
32 creatures vanquished.

Notes
Turn   | Place    | Note
-------+----------+-------------------------------------------
     0 | D:1      | qw the Spriggan Hunter began the quest for the Orb.
     0 | D:1      | Reached XP level 1. HP: 10/10 MP: 2/2
     0 | D:1      | 0 ||| qw: Version: 0.3-a-155-g5e7d8dd
     0 | D:1      | 0 ||| qw: Game counter: 2786
     0 | D:1      | 0 ||| qw: Melee chars always use a shield: true
     0 | D:1      | 0 ||| qw: God list: Okawaru
     0 | D:1      | 0 ||| qw: Allow faded altars: false
     0 | D:1      | 0 ||| qw: Do Orc after clearing Dungeon:15 true
     0 | D:1      | 0 ||| qw: Do second Lair branch before Depths: true
     0 | D:1      | 0 ||| qw: Lair rune preference: random
     0 | D:1      | 0 ||| qw: Goals: Normal
     0 | D:1      | 0 ||| PLANNING D:1-11
    89 | D:1      | Reached skill level 3 in Dodging
   330 | D:1      | Reached XP level 2. HP: 14/14 MP: 3/3
   870 | D:1      | 870 ||| UPGRADING to amulet of the acrobat.
   875 | D:1      | 875 ||| READING 3 scrolls labelled MOFEON UKHLO.
   875 | D:1      | 875 ||| IDENTIFYING scroll labelled GIUH QAOBLEEWA
   876 | D:1      | 876 ||| DROPPING scroll of butterflies.
   877 | D:1      | 877 ||| DROPPING scroll of torment.
   975 | D:2      | Reached XP level 3. HP: 18/18 MP: 4/4
   994 | D:2      | Noticed Robin
  1002 | D:2      | HP: 4/18 [Robin/+4 short sword of speed (5)]
  1004 | D:2      | Slain by Robin

Levels and vault maps discovered:
D:1:      eino_arrival_water_cross, layout_basic
D:2:      wad_river_or_something, layout_basic,
          hellmonk_ecumenical_altar_lost_god, uniq_robin

Skill      XL: |  1  2 |
---------------+-------+-----
Dodging        | 3 4 |  4.0
Fighting       | |  1.5
Ranged Weapons | |  4.5
Stealth        | |  1.5

Action                     || total
---------------------------++-------
   Fire: Shortbow          ||    87
    Use: Scroll            ||     1
 Armour: Robe              ||     9
  Dodge: Dodged            ||    26

Table legend:
 A = Non-vault XP
 B = Vault XP
 C = Vault XP percentage of total XP
 D = Non-vault monster count
 E = Vault monster count
 F = Vault count percentage of total count
                 A         B        C        D         E       F
            +---------+---------+-------+---------+---------+-------
      Total |      33 |      19 |  36.5 |      22 |      10 |  31.2
            +---------+---------+-------+---------+---------+-------
        D:1 |      30 |       0 |   0.0 |      20 |       0 |   0.0
        D:2 |       3 |      19 |  86.4 |       2 |      10 |  83.3
            +---------+---------+-------+---------+---------+-------
